 Dungeon Crawl Stone Soup version 0.23-a0-359-g9beedce (console) character file.

40 nht the Bolt Thrower (level 3, -2/45 HPs)
             Began as a Minotaur Hunter on Oct 23, 2018.
             Killed by divine providence
             ... invoked by an orc priest
              (14 damage)
             ... on level 3 of the Dungeon.
             The game lasted 00:01:18 (1590 turns).

nht the Bolt Thrower (Minotaur Hunter)              Turns: 1590, Time: 00:01:19

Health: -2/45      AC: 21    Str: 16 (17) XL:     3   Next: 30%
Magic:  2/2        EV:  2    Int:  5 (8)  God:
Gold:   88         SH:  0    Dex:  8 (10) Spells: 2/2 levels left

rFire    + . .     SeeInvis .   o - +0 war axe
rCold    + . .     Gourm    .   (no shield)
rNeg     + + +     Faith    .   (armour currently unavailable)
rPois    +         Spirit   .   (helmet currently unavailable)
rElec    +         Reflect  .   (cloak currently unavailable)
rCorr    +         Harm     .   (gloves currently unavailable)
MR       .....     NoTele   +   (boots currently unavailable)
Stlth    +.........             (no amulet)
HPRegen  0.15/turn              (no ring)
MPRegen  0.08/turn              (no ring)

@: tree-form, resistant
A: (retaliatory headbutt)
a: no special abilities


You were on level 3 of the Dungeon.
You were not hungry.
You were a tree.
You visited 1 branch of the dungeon, and saw 3 of its levels.

You collected 88 gold pieces.

Inventory:

Hand Weapons
 a - a +1 hand crossbow
 b - a +0 short sword
 g - a +0 hand axe
 o - a +0 war axe (weapon)
Missiles
 d - 8 bolts
Armour
 c - a +0 leather armour (melded)
Scrolls
 e - a scroll of fear {unknown}
 h - a scroll of teleportation {unknown}
 l - 2 scrolls of identify {unknown}
 n - a scroll of immolation {unknown}
Comestibles
 f - 4 rations
 k - 2 chunks of flesh


   Skills:
 - Level 2.4 Fighting
 + Level 0.0 Axes
 - Level 5.7 Crossbows
 - Level 2.1 Dodging
 - Level 0.7 Stealth


You had 2 spell levels left.
You didn't know any spells.
Your spell library was empty.

Dungeon Overview and Level Annotations

Branches:
Dungeon (3/15)

Altars:


Innate Abilities, Weirdness & Mutations

((You reflexively headbutt those who attack you in melee.))
((You have a pair of horns on your head.))


Message History

The orc hits you but does no damage.
It was a potion of resistance.
You feel protected. The orc priest barely misses you. The orc hits you.
* * * LOW HITPOINT WARNING * * *
It was a potion of degeneration.
There was something very wrong with that liquid.
You feel weakened.
You feel dopey.
You feel clumsy. The orc priest completely misses you.
The orc barely misses you.
You closely miss the orc priest.
The orc priest is lightly wounded.
You barely miss the orc.
The orc priest hits you but does no damage.
The orc hits you but does no damage.
You barely miss the orc priest.
The orc priest is lightly wounded.
You barely miss the orc.
The orc priest calls down the wrath of Beogh upon you.
Beogh smites you!
You die...

.. .. █. █.█████
██ █.█..<█ ..
█.███.█ █.█.ro♣.█
..█.((oo█.......
█......█(█.█.....
█......'<█.██████
█......█.█.█
█......+.█.█
██.....███..
....... ██
██.....


You could see an orc priest, 2 orcs and a rat.

Vanquished Creatures
  2 dart slugs (D:2)
  2 leopard geckos
  An orc (D:2)
  A giant cockroach (D:1)
  4 hobgoblins
  6 jackals (D:2)
  A quokka (D:2)
  4 bats
  A frilled lizard (D:1)
  4 goblins
  3 rats
29 creatures vanquished.

Notes
Turn   | Place    | Note
-------+----------+-------------------------------------------
     0 | D:1      | nht the Minotaur Hunter began the quest for the Orb.
     0 | D:1      | Reached XP level 1. HP: 18/18 MP: 0/0
   531 | D:1      | Reached XP level 2. HP: 25/25 MP: 1/1
   769 | D:2      | Reached skill level 5 in Crossbows
  1036 | D:2      | Reached XP level 3. HP: 30/30 MP: 2/2
  1590 | D:3      | Killed from afar by an orc priest

Vault maps used:
D:1:      grunt_arrival_lava_bath, kennysheep_boxes
D:3:      first_ration

Skill      XL: |  1  2 |
---------------+-------+-----
Crossbows      | 5 |  5.7
Fighting       | |  2.4
Dodging        | |  2.1
Stealth        | |  0.7

Action                   || total
-------------------------++-------
Melee: War axe           ||     8
       Short sword       ||     2
 Fire: Hand crossbow     ||    61
  Use: Potion            ||     3
  Eat: Chunk             ||     2
Armor: Leather armour    ||    13
       Skin              ||     7
Dodge: Dodged            ||    43

Table legend:
 A = Non-vault XP
 B = Vault XP
 C = Vault XP percentage of total XP
 D = Non-vault monster count
 E = Vault monster count
 F = Vault count percentage of total count
                 A         B        C        D         E       F
            +---------+---------+-------+---------+---------+-------
      Total |      58 |       0 |   0.0 |      29 |       0 |   0.0
            +---------+---------+-------+---------+---------+-------
        D:1 |      14 |       0 |   0.0 |       9 |       0 |   0.0
        D:2 |      44 |       0 |   0.0 |      20 |       0 |   0.0
            +---------+---------+-------+---------+---------+-------
